 Dungeon Sprint DCSS version 0.29.1-15-g9cfb28693d (webtiles) character file.

Game seed: 8201795499666061975

106 Groucho the Trooper (level 4, -1/32 HPs)
             Began as a Gargoyle Gladiator on Mar 4, 2023.
             Shot with an arrow by a centaur (7 damage)
             ... in the Dungeon (Sprint IX: "|||||||||||||||||||||||||||||").
             The game lasted 00:01:00 (42 turns).

Groucho the Trooper (Gargoyle Gladiator)              Turns: 42, Time: 00:01:01

Health: -1/32      AC:  7    Str: 18    XL:     4   Next: 84%
Magic:  4/4        EV: 13    Int:  8    God:
Gold:   0          SH:  0    Dex: 13    Spells: 3/3 levels left

rFire   . . .      SeeInvis .   a - +0 flail
rCold   . . .      Faith    .   (no shield)
rNeg    + . .      Spirit   .   b - +0 leather armour
rPois   ∞          Reflect  .   c - +0 helmet
rElec   +          Harm     .   (no cloak)
rCorr   .          Rampage  .   (no gloves)
Will    .....      NoTele   +   (no boots)
Stlth   +.........              (no amulet)
HPRegen 0.10/turn               (no ring)
MPRegen 0.09/turn               (no ring)

@: no status effects
A: sickness immunity, AC +3, negative energy resistance 1, electricity
resistance, torment resistance 1, petrification resistance
a: no special abilities


You were in the Dungeon.
You visited 1 branch

Inventory:

Hand Weapons
 a - a +0 flail (weapon)
Missiles
 d - 3 throwing nets (quivered)
 e - a javelin
Armour
 b - a +0 leather armour (worn)
 c - a +0 helmet (worn)
Scrolls
 k - a scroll of blinking
Potions
 f - a potion of curing
 h - a potion of haste
 i - 2 potions of magic
 j - a potion of berserk rage


   Skills:
 + Level 6.1 Fighting
 + Level 6.0 Maces & Flails
 - Level 1.7 Throwing
 + Level 5.0 Dodging


You had 3 spell levels left.
You didn't know any spells.
Your spell library was empty.

Dungeon Overview and Level Annotations

Branches:
Dungeon (1/1)

Altars:


Innate Abilities, Weirdness & Mutations

You are immune to sickness and miasma.
Your stone body is resilient. (AC +3)
You are immune to poison.
You resist negative energy. (rN+)
You are resistant to electric shocks. (rElec)
You are resistant to unholy torment.
You are immune to petrification.


Message History

You feel stronger.
You sock the hound!
The hound is severely wounded.
The hound closely misses you. The hound bites you.
You hit the hound.
The hound is almost dead.
The hound closely misses you. The hound barely misses you.
You closely miss the hound.
The hound is almost dead.
The hound bites you. x2
You are too injured to fight recklessly!
You are too injured to fight recklessly!
You are too injured to fight recklessly!
Unknown command.
You closely miss the hound.
The hound is almost dead.
The hound bites you.
You hit the hound but do no damage.
The hound is almost dead.
The hound misses you. The hound bites you but does no damage.
You sock the hound!
You kill the hound!
Your Fighting skill increases to level 6!
Your Maces & Flails skill increases to level 6!
Your Dodging skill increases to level 5!
Unknown command.
The worm barely misses you.
There is an open door here.
You barely miss the worm. The worm completely misses you.
You barely miss the worm. You sock the worm!
The worm is severely wounded.
The worm bites you.
You sock the worm!
You kill the worm!
The centaur wields a +0 shortbow.
The centaur shoots an arrow.
The arrow hits you.
* * * LOW HITPOINT WARNING * * *
The centaur shoots an arrow.
The arrow hits you!
You die...

▓.▓
▓.▓
▓)▓
▓.▓
▓.▓
▓.▓
▓.▓
▓.▓
▓@▓
▓.▓
▓c▓
▓o▓
▓.▓
▓.▓
▓+▓


You could see a centaur and an orc.

Vanquished Creatures
  A phantom (D)
  A hound (D)
  A worm (D)
  An endoplasm (D)
  A goblin (D)
  A hobgoblin (D)
  A kobold (D)
  A ball python (D)
8 creatures vanquished.

Notes
Turn   | Place    | Note
-------+----------+-------------------------------------------
     0 | D        | Groucho the Gargoyle Gladiator began the quest for the Orb.
     0 | D        | Reached XP level 1. HP: 12/12 MP: 1/1
    22 | D        | Noticed a phantom
    22 | D        | Noticed a hound
    22 | D        | Noticed a centaur
    31 | D        | Killed a phantom
    32 | D        | Reached skill level 5 in Fighting
    32 | D        | Reached skill level 5 in Maces & Flails
    32 | D        | Reached XP level 2. HP: 15/21 MP: 2/2
    32 | D        | Reached XP level 3. HP: 19/26 MP: 3/3
    32 | D        | Reached XP level 4. HP: 23/31 MP: 4/4
    38 | D        | Reached skill level 5 in Dodging
    42 | D        | Shot with an arrow by a centaur

Illustrated notes

Levels and vault maps discovered:
D:        linesprint [early_d, line_temple, items_1, d_10, items_2, lair_1,
          lair_end, items_3, orc_1, orc_end, items_4, d_15, swamp_1, shoals_1,
          snake_1, spider_1, d_20, vaults_1, items_5, swamp_end, shoals_end,
          snake_end, spider_end, vaults_end, d_27, items_6, zot_1, zot_end,
          crypt_end, forest_end, elf_end, slime_end, tomb_end, abyss_end,
          pan_hell_end]

Skill      XL: |  1  2  3  4 |
---------------+-------------+-----
Fighting       | 5 6 |  6.1
Dodging        | 4 5 |  5.0
Maces & Flails | 5 6 |  6.0
Throwing       | |  1.7

Action                   |  1- 3 |  4- 6 || total
-------------------------+-------+-------++-------
Melee: Flail             |    20 |    10 ||    30
  Use: Potion            |     1 |       ||     1
Armor: Leather armour    |     4 |     1 ||     5
Dodge: Dodged            |     8 |     6 ||    14
